IL
GWINNETT BRAVES @ IOWA CUBS
04/22/2048
 
TOP OF THE 1ST
Gwinnett Braves batting - Pitching for Iowa Cubs : RHP Willie Ramos
Pitching: RHP Willie Ramos
Batting: RHB Edgar Castillo 0-0: Ball
1-0: Fly out, F5 (Line Drive, 5, EV 60.0 MPH)
Batting: RHB Alex Munoz 0-0: Ball
1-0: Ball
2-0: Ball
3-0: Base on Balls
Batting: SHB Brian Bagley 0-0: Grounds into double play, 4-6-3 (Groundball, 34, EV 85.6 MPH)
Top of the 1st over - 0 runs, 0 hits, 0 errors, 0 left on base; Gwinnett 0 - Iowa 0
BOTTOM OF THE 1ST
Iowa Cubs batting - Pitching for Gwinnett Braves : RHP Adam Reynolds
Pitching: RHP Adam Reynolds
Batting: SHB Seung-ho Zhang 0-0: Called Strike
0-1: Foul Ball, location: 2F
0-2: Ball
1-2: Ground out 4-3 (Groundball, 4, EV 80.6 MPH)
Batting: RHB Jon Aguilar 0-0: Ball
1-0: Swinging Strike
1-1: Called Strike
1-2: Foul Ball, location: 2F
1-2: Foul Ball, location: 2F
1-2: Strikes out swinging
Batting: LHB Mark Ingram 0-0: Called Strike
0-1: Fly out, F9 (Line Drive, 9, EV 103.1 MPH)
Bottom of the 1st over - 0 runs, 0 hits, 0 errors, 0 left on base; Gwinnett 0 - Iowa 0
TOP OF THE 2ND
Gwinnett Braves batting - Pitching for Iowa Cubs : RHP Willie Ramos
Batting: SHB Bob Morales 0-0: Swinging Strike
0-1: Ball
1-1: Ground out 1-3 (Groundball, 13S, EV 67.5 MPH)
Batting: LHB Chris Locklear 0-0: Foul Ball, location: 2F
0-1: Ball
1-1: Fly out, F7 (Flyball, 78M, EV 75.6 MPH)
Batting: LHB Mark Buchholz 0-0: Called Strike
0-1: Ball
1-1: Foul Ball, location: 2F
1-2: Foul Ball, location: 2F
1-2: Ground out 6-3 (Groundball, 6, EV 86.9 MPH)
Top of the 2nd over - 0 runs, 0 hits, 0 errors, 0 left on base; Gwinnett 0 - Iowa 0
BOTTOM OF THE 2ND
Iowa Cubs batting - Pitching for Gwinnett Braves : RHP Adam Reynolds
Batting: RHB Ricardo Aguinaga 0-0: Called Strike
0-1: Ball
1-1: Ball
2-1: Ball
3-1: Foul Ball, location: 2F
3-2: Ground out 6-3 (Groundball, 6, EV 89.4 MPH)
Batting: SHB Gabriel Cruz 0-0: Ball
1-0: TRIPLE (Flyball, 89XD, EV 110.0 MPH)
Batting: RHB Adam O'Hare 0-0: Ball
1-0: Ball
2-0: Ground out 6-3 (Groundball, 6, EV 109.4 MPH)
Gabriel Cruz scores
Batting: RHB Brian Gargis 0-0: Swinging Strike
0-1: Ball
1-1: Called Strike
1-2: Foul Ball, location: 2F
1-2: Foul Ball, location: 2F
1-2: SINGLE (Line Drive, 78S, EV 106.9 MPH)
Batting: LHB Sumiki Okuhara 0-0: Called Strike
0-1: Swinging Strike
0-2: Ball
1-2: Strikes out swinging
Bottom of the 2nd over - 1 run, 2 hits, 0 errors, 1 left on base; Gwinnett 0 - Iowa 1
TOP OF THE 3RD
Gwinnett Braves batting - Pitching for Iowa Cubs : RHP Willie Ramos
Batting: RHB Dave Nickerson 0-0: Called Strike
0-1: Ball
1-1: Called Strike
1-2: Strikes out swinging
Batting: RHB Riley Nasiir 0-0: Called Strike
0-1: Ball
1-1: Ball
2-1: Swinging Strike
2-2: Foul Ball, location: 2F
2-2: Ball
3-2: Strikes out looking
Batting: RHB Mike Manchester 0-0: Ball
1-0: Fly out, F8 (Flyball, 8RXD, EV 72.5 MPH)
Top of the 3rd over - 0 runs, 0 hits, 0 errors, 0 left on base; Gwinnett 0 - Iowa 1
BOTTOM OF THE 3RD
Iowa Cubs batting - Pitching for Gwinnett Braves : RHP Adam Reynolds
Batting: RHB Adam Kelliher 0-0: DOUBLE (Flyball, 89D, EV 114.4 MPH)
Batting: SHB Seung-ho Zhang 0-0: Ground out 6-3 (Groundball, 4M, EV 78.8 MPH)
Adam Kelliher to third
Batting: RHB Jon Aguilar 0-0: Called Strike
0-1: Swinging Strike
0-2: Ground out 3-1 (Groundball, 34S, EV 85.6 MPH)
Adam Kelliher scores
Batting: LHB Mark Ingram 0-0: Called Strike
0-1: Ball
1-1: DOUBLE (Line Drive, 7LM, EV 103.8 MPH)
Batting: RHB Ricardo Aguinaga 0-0: Ball
1-0: Called Strike
1-1: Ball
2-1: SINGLE (Groundball, 34D, EV 106.9 MPH)
Mark Ingram to third
Batting: SHB Gabriel Cruz 0-0: Ball
1-0: Ball
Wild Pitch!
Mark Ingram scores
Ricardo Aguinaga to second
2-0: Called Strike
2-1: Ball
3-1: Ground out 4-3 (Groundball, 4, EV 85.6 MPH)
Bottom of the 3rd over - 2 runs, 3 hits, 0 errors, 1 left on base; Gwinnett 0 - Iowa 3
TOP OF THE 4TH
Gwinnett Braves batting - Pitching for Iowa Cubs : RHP Willie Ramos
Batting: RHB Edgar Castillo 0-0: Ground out 3-1 (Groundball, 34S, EV 95.0 MPH)
Batting: RHB Alex Munoz 0-0: Called Strike
0-1: SOLO HOME RUN (Flyball, 78XD, EV 97.5 MPH), Distance : 390 ft
Batting: SHB Brian Bagley 0-0: Ball
1-0: Called Strike
1-1: Called Strike
1-2: Strikes out swinging
Batting: SHB Bob Morales 0-0: Swinging Strike
0-1: Foul Ball, location: 2F
0-2: Strikes out swinging
Top of the 4th over - 1 run, 1 hit, 0 errors, 0 left on base; Gwinnett 1 - Iowa 3
BOTTOM OF THE 4TH
Iowa Cubs batting - Pitching for Gwinnett Braves : RHP Adam Reynolds
Batting: RHB Adam O'Hare 0-0: Ball
1-0: Ball
2-0: Called Strike
2-1: Foul Ball, location: 2F
2-2: Ball
3-2: Ground out 6-3 (Groundball, 56, EV 104.4 MPH)
Batting: RHB Brian Gargis 0-0: Ball
1-0: SINGLE (Line Drive, 34, EV 97.5 MPH)
Batting: LHB Sumiki Okuhara 0-0: Foul Ball, location: 2F
0-1: Foul Ball, location: 2F
0-2: Ball
1-2: Ball
2-2: Foul Ball, location: 2F
2-2: Ball
3-2: Foul Ball, location: 2F
3-2: Foul Ball, location: 2F
3-2: Foul Ball, location: 2F
3-2: Fly out, F9 (Flyball, 89M, EV 95.6 MPH)
Batting: RHB Adam Kelliher 0-0: Ball
1-0: Ground out 4-3 (Groundball, 4, EV 86.2 MPH)
Bottom of the 4th over - 0 runs, 1 hit, 0 errors, 1 left on base; Gwinnett 1 - Iowa 3
TOP OF THE 5TH
Gwinnett Braves batting - Pitching for Iowa Cubs : RHP Willie Ramos
Batting: LHB Chris Locklear 0-0: Called Strike
0-1: Called Strike
0-2: Ball
1-2: Ball
2-2: Strikes out swinging
Batting: LHB Mark Buchholz 0-0: Called Strike
0-1: Foul Ball, location: 2F
0-2: Strikes out looking
Batting: RHB Dave Nickerson 0-0: Fly out, F7 (Flyball, 78M, EV 86.9 MPH)
Top of the 5th over - 0 runs, 0 hits, 0 errors, 0 left on base; Gwinnett 1 - Iowa 3
BOTTOM OF THE 5TH
Iowa Cubs batting - Pitching for Gwinnett Braves : RHP Adam Reynolds
Batting: SHB Seung-ho Zhang 0-0: Foul Ball, location: 2F
0-1: Ball
1-1: DOUBLE (Line Drive, 7LS, EV 92.5 MPH)
Batting: RHB Jon Aguilar 0-0: Ball
1-0: 2-RUN HOME RUN (Line Drive, 8RXD, EV 105.6 MPH), Distance : 416 ft
Pitching: RHP Ryan Casey
Batting: LHB Mark Ingram 0-0: Ball
1-0: Ball
2-0: Fly out, F7 (Line Drive, 78M, EV 97.5 MPH)
Batting: RHB Ricardo Aguinaga 0-0: Called Strike
0-1: Called Strike
0-2: Ball
1-2: Foul Ball, location: 2F
1-2: Foul Ball, location: 2F
1-2: Foul Ball, location: 2F
1-2: Foul Ball, location: 2F
1-2: Fly out, F9 (Flyball, 8RM, EV 88.1 MPH)
Batting: SHB Gabriel Cruz 0-0: Swinging Strike
0-1: Called Strike
0-2: Foul Ball, location: 2F
0-2: Ground out 4-3 (Groundball, 4, EV 88.1 MPH)
Bottom of the 5th over - 2 runs, 2 hits, 0 errors, 0 left on base; Gwinnett 1 - Iowa 5
TOP OF THE 6TH
Gwinnett Braves batting - Pitching for Iowa Cubs : RHP Willie Ramos
DELAY Rain delay of 49 minutes in the 6th inning.
Batting: RHB Riley Nasiir 0-0: DOUBLE (Flyball, 8RXD, EV 102.5 MPH)
Pinch Runner at 2nd Ivan Ramirez:
Batting: RHB Mike Manchester 0-0: Swinging Strike
0-1: Ground out 1-3 (Groundball, 13S, EV 65.6 MPH)
Ivan Ramirez to third
Batting: RHB Edgar Castillo 0-0: Ball
1-0: Foul Ball, location: 2F
1-1: Swinging Strike
1-2: Hit by Pitch
Batting: RHB Alex Munoz 0-0: Called Strike
0-1: Ball
1-1: Ball
2-1: Ball
3-1: Base on Balls
Edgar Castillo to second
Batting: SHB Brian Bagley 0-0: Ball
1-0: Ball
2-0: Ball
3-0: Called Strike
3-1: Base on Balls
Ivan Ramirez scores
Edgar Castillo to third
Alex Munoz to second
Batting: SHB Bob Morales 0-0: Foul Ball, location: 2F
0-1: Ball
1-1: Foul Ball, location: 2F
1-2: Foul Ball, location: 2F
1-2: Ball
2-2: Ball
3-2: SINGLE (Line Drive, 34D, EV 105.0 MPH)
Edgar Castillo scores
Alex Munoz to third
Brian Bagley to second
Pitching: LHP Bill Esten
Batting: LHB Chris Locklear 0-0: Called Strike
0-1: Grounds into fielders choice 6-2 (Groundball, 6, EV 106.9 MPH)
Brian Bagley to third
Bob Morales to second
Batting: RHB Mike Meeker 0-0: Swinging Strike
0-1: Foul Ball, location: 2F
0-2: Foul Ball, location: 2F
0-2: Ground out 6-3 (Groundball, 6S, EV 93.8 MPH)
Top of the 6th over - 2 runs, 2 hits, 0 errors, 3 left on base; Gwinnett 3 - Iowa 5
BOTTOM OF THE 6TH
Iowa Cubs batting - Pitching for Gwinnett Braves : RHP Ryan Casey
Now at 3B: Ivan Ramirez
Now at SS: Mike Manchester
Batting: RHB Adam O'Hare 0-0: Called Strike
0-1: Foul Ball, location: 2F
0-2: Ball
1-2: Strikes out swinging
Batting: RHB Brian Gargis 0-0: Ball
1-0: Called Strike
1-1: Ball
2-1: Called Strike
2-2: Strikes out swinging
Batting: LHB Sumiki Okuhara 0-0: Swinging Strike
0-1: Swinging Strike
0-2: Strikes out swinging
Bottom of the 6th over - 0 runs, 0 hits, 0 errors, 0 left on base; Gwinnett 3 - Iowa 5
TOP OF THE 7TH
Gwinnett Braves batting - Pitching for Iowa Cubs : LHP Bill Esten
Batting: RHB Dave Nickerson 0-0: Ball
1-0: Ball
2-0: Ball
3-0: Called Strike
3-1: Ground out 4-3 (Groundball, 4M, EV 102.5 MPH)
Batting: RHB Ivan Ramirez 0-0: Swinging Strike
0-1: Ground out 6-3 (Groundball, 6S, EV 86.9 MPH)
Batting: RHB Mike Manchester 0-0: Ball
1-0: Ground out 5-3 (Groundball, 56, EV 96.2 MPH)
Top of the 7th over - 0 runs, 0 hits, 0 errors, 0 left on base; Gwinnett 3 - Iowa 5
BOTTOM OF THE 7TH
Iowa Cubs batting - Pitching for Gwinnett Braves : RHP Ryan Casey
Pitching: RHP Steve Dripps
Batting: RHB Adam Kelliher 0-0: Ball
1-0: Ball
2-0: Ball
3-0: Base on Balls
Batting: SHB Seung-ho Zhang 0-0: Called Strike
0-1: Ball
Adam Kelliher steals 2nd base (no throw)
1-1: Foul Ball, location: 2F
1-2: Ball
2-2: Ball
3-2: Foul Ball, location: 2F
3-2: Foul Ball, location: 2F
3-2: Base on Balls
Batting: RHB Jon Aguilar 0-0: Sac Bunt to 3S - play at first, batter OUT! 3-1
Adam Kelliher to third
Seung-ho Zhang to second
Batting: LHB Mark Ingram 0-0: Intentional Walk
Batting: RHB Ricardo Aguinaga 0-0: Foul Ball, location: 2F
0-1: Foul Ball, location: 2F
0-2: Ball
1-2: SINGLE (Groundball, 6D, EV 94.4 MPH)
Adam Kelliher scores
Seung-ho Zhang to third
Mark Ingram to second
Runner from 3rd tries for Home, SAFE, throw by LF to home
Batting: SHB Gabriel Cruz 0-0: Ball
1-0: Ball
2-0: SINGLE (Groundball, 6MD, EV 94.4 MPH)
Mark Ingram to third
Ricardo Aguinaga to second
Batting: RHB Adam O'Hare 0-0: Swinging Strike
0-1: Ball
1-1: Ball
2-1: Called Strike
2-2: Ball
3-2: Base on Balls
Mark Ingram scores
Ricardo Aguinaga to third
Gabriel Cruz to second
Pitching: RHP David Krampe
Batting: RHB Brian Gargis 0-0: Ball
1-0: Called Strike
1-1: Ball
2-1: Swinging Strike
2-2: Ball
3-2: Base on Balls
Ricardo Aguinaga scores
Gabriel Cruz to third
Adam O'Hare to second
Batting: LHB Sumiki Okuhara 0-0: Ball
1-0: Foul Ball, location: 2F
1-1: Swinging Strike
1-2: Grounds into double play, 4-6-3 (Groundball, 4, EV 86.2 MPH)
Bottom of the 7th over - 4 runs, 2 hits, 0 errors, 2 left on base; Gwinnett 3 - Iowa 9
TOP OF THE 8TH
Gwinnett Braves batting - Pitching for Iowa Cubs : LHP Bill Esten
Batting: RHB Edgar Castillo 0-0: Ball
1-0: Foul Ball, location: 2F
1-1: Ball
2-1: Swinging Strike
2-2: Foul Ball, location: 2F
2-2: Strikes out swinging
Batting: RHB Alex Munoz 0-0: Called Strike
0-1: Fly out, F9 (Line Drive, 9, EV 96.2 MPH)
Batting: SHB Brian Bagley 0-0: Ball
1-0: Foul Ball, location: 2F
1-1: Ball
2-1: SINGLE (Groundball, 56D, EV 100.6 MPH)
Batting: SHB Bob Morales 0-0: Fly out, F8 (Line Drive, 78M, EV 95.0 MPH)
Top of the 8th over - 0 runs, 1 hit, 0 errors, 1 left on base; Gwinnett 3 - Iowa 9
BOTTOM OF THE 8TH
Iowa Cubs batting - Pitching for Gwinnett Braves : RHP David Krampe
Batting: RHB Adam Kelliher 0-0: Called Strike
0-1: Ball
1-1: Foul Ball, location: 2F
1-2: Fly out, F7 (Flyball, 7D, EV 101.9 MPH)
Batting: SHB Seung-ho Zhang 0-0: Ball
1-0: Foul Ball, location: 2F
1-1: Ground out U3 (Groundball, 3, EV 106.2 MPH)
Batting: RHB Jon Aguilar 0-0: DOUBLE (Line Drive, 9LS, EV 112.5 MPH)
Batting: LHB Mark Ingram 0-0: Ball
1-0: Ball
2-0: Ball
3-0: Base on Balls
Batting: RHB Ricardo Aguinaga 0-0: Ground out 1-3 (Groundball, P, EV 66.9 MPH)
Bottom of the 8th over - 0 runs, 1 hit, 0 errors, 2 left on base; Gwinnett 3 - Iowa 9
TOP OF THE 9TH
Gwinnett Braves batting - Pitching for Iowa Cubs : LHP Bill Esten
Batting: LHB Chris Locklear 0-0: Ball
1-0: Called Strike
1-1: Ball
2-1: Ground out 3-1 (Groundball, 34S, EV 84.4 MPH)
Batting: RHB Mike Meeker 0-0: Called Strike
0-1: SINGLE (Groundball, 4MS, EV 70.0 MPH) (infield hit)
Batting: RHB Dave Nickerson 0-0: Foul Ball, location: 2F
0-1: Ball
1-1: Foul Ball, location: 2F
1-2: Ball
2-2: Foul Ball, location: 2F
2-2: Ball
3-2: Foul Ball, location: 2F
3-2: Strikes out looking
Mike Meeker steals 2nd base
Batter strikes out.
Batting: RHB Ivan Ramirez 0-0: Ball
1-0: Called Strike
1-1: Ball
2-1: Foul Ball, location: 2F
2-2: Ball
3-2: Fly out, F9 (Line Drive, 9, EV 86.9 MPH)
Top of the 9th over - 0 runs, 1 hit, 0 errors, 1 left on base; Gwinnett 3 - Iowa 9
Tuesday, March 28th , 2023 - OOTP Baseball 23.10 Build 110